Map: Romanticide LE

Players

TriGGeR - Winner!

  • Race: Protoss Protoss

Semper

  • Race: Terran Terran

Event: DreamHack SC2 Masters 2021 Winter

VOD

Have the link to the VOD?

Description

Time

  • Played on: Oct. 6, 2021, 6:30 p.m.
  • Length: 6:43

All games in this series

Show
View Real Time Build Order
Export as new Build Order

TriGGeR Protoss - Winner!

Build Orders: 1 Gate Expand, Blink Stalkers 

Get SALT Encoding   

  12  0:00  Probe  
  13  0:12  Probe  
  14  0:20  Pylon  
  14  0:24  Probe  
  15  0:38  Probe (Chrono Boost)  
  15  0:40  Gateway  
  16  0:47  Assimilator, Probe (Chrono Boost)  
  17  0:52  Probe (Chrono Boost)  
  18  1:04  Probe  
  19  1:16  Probe  
  20  1:27  Cybernetics Core  
  20  1:35  Nexus  
  20  1:36  Probe  
  21  1:42  Pylon  
  21  1:48  Probe  
  21  1:51  Assimilator  
  22  2:00  Probe  
  22  2:01  Adept (Chrono Boost)  
  23  2:04  Warp Gate  
  25  2:12  Probe  
  26  2:21  Stalker (Chrono Boost)  
  26  2:24  Probe  
  29  2:33  Twilight Council  
  30  2:37  Probe (Chrono Boost)  
  30  2:47  Probe (Chrono Boost)  
  30  2:51  Stalker  
  34  2:54  Probe (Chrono Boost)  
  34  2:56  Probe (Chrono Boost)  
  35  3:01  Probe x2 (Chrono Boost)  
  37  3:09  Robotics Facility  
  37  3:13  Probe x2  
  39  3:20  Gateway  
  39  3:25  Blink (Chrono Boost), Probe  
  39  3:26  Probe  
  41  3:34  Shield Battery  
  41  3:37  Probe  
  42  3:43  Gateway  
  42  3:44  Probe  
  42  3:45  Gateway  
  43  3:50  Probe  
  43  3:53  Pylon  
  43  3:54  Stalker  
  46  4:02  Assimilator  
  46  4:09  Warp Prism (Chrono Boost)  
  46  4:10  Pylon  
  46  4:11  Probe  
  46  4:16  Stalker  
  51  4:18  Probe  
  51  4:21  Stalker  
  54  4:28  Probe  
  54  4:29  Pylon  
  55  4:37  Observer  
  55  4:39  Stalker x2  
  55  4:40  Pylon  
  60  4:45  Stalker  
  60  4:48  Probe x2  
  60  4:51  Assimilator  
  64  4:54  Pylon  
  65  5:02  Probe  
  65  5:05  Zealot  
  68  5:07  Stalker x2  
  68  5:09  Stalker  
  73  5:15  Probe  
  74  5:24  Probe  
  71  5:37  Probe  
  71  5:38  Stalker x3  
  71  5:42  Stalker  
  78  5:45  Stalker  
  78  5:46  Probe  
  79  5:56  Nexus, Probe  
  76  6:04  Stalker x3  
  82  6:10  Probe  
  83  6:15  Probe  
  82  6:20  Stalker  
  82  6:22  Probe  
  81  6:27  Probe  
  82  6:34  Stalker x3  
Show
View Real Time Build Order
Export as new Build Order

Semper Terran 

Build Orders:  

Get SALT Encoding   

  12  0:00  SCV  
  13  0:12  SCV  
  14  0:17  Supply Depot  
  14  0:24  SCV  
  15  0:38  SCV  
  15  0:39  Barracks  
  16  0:44  Refinery  
  16  0:51  SCV  
  17  1:03  SCV  
  18  1:15  SCV  
  19  1:27  Marine  
  19  1:28  Orbital Command  
  20  1:44  Command Center  
  20  1:48  Barracks Reactor  
  20  1:53  SCV  
  21  1:59  Supply Depot  
  21  2:05  SCV  
  22  2:09  Bunker  
  22  2:19  Factory  
  22  2:21  SCV  
  23  2:24  Marine  
  23  2:26  Marine  
  25  2:33  SCV  
  25  2:35  Refinery  
  26  2:43  Marine  
  27  2:44  Marine  
  27  2:48  SCV  
  29  2:57  Orbital Command  
  29  3:03  Hellion  
  31  3:07  SCV  
  31  3:09  Marine x2  
  34  3:14  Starport  
  34  3:19  SCV  
  35  3:25  SCV  
  36  3:30  Factory Tech Lab  
  36  3:32  Marine x2  
  38  3:34  SCV  
  38  3:39  Supply Depot  
  39  3:44  SCV  
  40  3:51  Siege Tank  
  40  3:52  Starport Tech Lab  
  43  3:55  Refinery  
  43  3:58  SCV  
  43  4:01  SCV  
  43  4:10  Supply Depot, SCV  
  43  4:11  Raven  
  43  4:13  SCV  
  43  4:15  Marine  
  43  4:16  Marine  
  49  4:24  Command Center  
  49  4:26  Siege Tank  
  52  4:31  SCV  
  52  4:33  Marine  
  52  4:34  Marine  
  52  4:37  SCV  
  56  4:39  Supply Depot  
  56  4:45  Barracks  
  56  4:47  Bunker  
  56  4:52  Bunker  
  56  4:58  Siege Tank  
  59  5:03  SCV x2  
  61  5:07  Marine x2  
  62  5:15  SCV  
  62  5:18  SCV  
  63  5:25  Barracks  
  63  5:27  SCV  
  64  5:32  SCV  
  55  5:45  Orbital Command  
  53  5:50  SCV x2  
  52  6:00  Siege Tank  
  52  6:04  Marine x2  
  55  6:06  SCV x2  
  59  6:11  Marine  
  59  6:15  SCV  
  52  6:18  SCV  
  52  6:19  Marine  
  52  6:21  Marine  
  52  6:22  Marine  
  52  6:24  SCV  

Tags
 
Add a new tag
Caveats
  • Supply blocks, unpowered buildings, or Contaminate may cause inaccurate times.
  • Supply counts are checked every 10 seconds.